[Event "Titled Tuesday Blitz January 17 Late 2023"]
[White "Leitao, Rafael"]
[Black "Ibadov, Dashgyn"]
[WhiteFideId "2101246"]
[BlackFideId "24107514"]
[WhiteElo "2592"]
[BlackElo "2391"]
[Result "1-0"]
[Round "06"]
[TimeControl "180+2"]
[Date "2023.01.17"]
[WhiteClock "0:00:02"]
[BlackClock "0:00:01"]

1. c4 Nf6 2. Nc3 c5 3. g3 e6 4. Nf3 b6 5. Bg2 Bb7 6. O-O Be7 7. Re1 d6 8. e4 a6 9. d4 cxd4 10. Nxd4 Qc7 11. Qe2 O-O 12. Bd2 Nbd7 13. Rac1 Rac8 14. b3 Rfe8 15. h3 Bf8 16. Kh2 Qb8 17. Nc2 g6 18. f4 Bg7 19. Rcd1 b5 20. cxb5 axb5 21. Qxb5 Qa8 22. Nb4 Nc5 23. Qe2 Qa3 24. Nb5 Qb2 25. Rb1 Qxb1 26. Rxb1 Ncxe4 27. Be3 Nh5 28. Bxe4 Bxe4 29. Rc1 Rcd8 30. a4 d5 31. Bd4 Bf8 32. Nc6 Rc8 33. a5 Ng7 34. g4 h5 35. a6 hxg4 36. hxg4 Ra8 37. a7 Rec8 38. Kg3 Ne8 39. Qh2 f6 40. Qd2 Nc7 41. Nxc7 Rxc7 42. b4 Bd6 43. Kf2 Rh7 44. Kg3 Kg7 45. g5 e5 46. fxe5 fxe5 47. Bxe5+ Bxe5+ 48. Nxe5 Rxa7 49. Qd4 Ra3+ 50. Nf3+ Kf7 51. Rc7+ Ke6 52. Qf6# 1-0


[Site "https://www.chess.com"]

[Event "Titled Tuesday Blitz January 17 Late 2023"]
[White "Nazari, Arad"]
[Black "Graif, William"]
[WhiteFideId "12577324"]
[BlackFideId "2609835"]
[WhiteElo "2367"]
[BlackElo "2304"]
[Result "1-0"]
[Round "06"]
[TimeControl "180+2"]
[Date "2023.01.17"]
[WhiteClock "0:00:54"]
[BlackClock "0:00:16"]

1. e4 e5 2. f4 d5 3. exd5 c6 4. Nc3 exf4 5. Nf3 Bd6 6. d4 Nf6 7. Qe2+ Qe7 8. Qxe7+ Kxe7 9. Bc4 Re8 10. O-O Kf8 11. Bd2 b5 12. Bd3 b4 13. Ne2 Nxd5 14. Ng5 h6 15. Ne4 Bc7 16. Nxf4 Nxf4 17. Bxf4 Bxf4 18. Rxf4 Be6 19. Nd6 Rd8 20. Nxf7 Bxf7 21. Raf1 Rd7 22. Bc4 Kg8 23. Rxf7 Rxf7 24. Rxf7 Kh7 25. Rf8 a5 26. d5 cxd5 27. Bxd5 Ra7 28. Rxb8 Rd7 29. Be4+ g6 30. Rb7 Rxb7 31. Bxb7 1-0


[Site "https://www.chess.com"]

[Event "Titled Tuesday Blitz January 17 Late 2023"]
[White "Jovic, Stanoje"]
[Black "Wieczorek, Oskar"]
[WhiteFideId "905020"]
[BlackFideId "1133950"]
[WhiteElo "2075"]
[BlackElo "2512"]
[Result "0-1"]
[Round "06"]
[TimeControl "180+2"]
[Date "2023.01.17"]
[WhiteClock "0:00:15"]
[BlackClock "0:00:49"]

1. c4 Nf6 2. g3 g6 3. Bg2 Bg7 4. Nc3 O-O 5. Nf3 d6 6. O-O e5 7. d3 Nc6 8. Rb1 a5 9. a3 Nd4 10. Nxd4 exd4 11. Nd5 Nxd5 12. Bxd5 c6 13. Bf3 Be6 14. b4 axb4 15. axb4 d5 16. c5 Bh3 17. Re1 Re8 18. Bf4 h5 19. Qd2 Qd7 20. Rec1 Bg4 21. h4 Bxf3 22. exf3 Ra3 23. b5 Qf5 24. Rd1 Rc3 25. bxc6 bxc6 26. Rbc1 Ra8 27. Kg2 Kh7 28. Qe2 Raa3 29. Qe8 Rxd3 30. Rxd3 Qxd3 31. Qxf7 Qxf3+ 32. Kg1 d3 33. Qc7 Qe2 34. Rb1 d2 35. Bxd2 Qxd2 36. Rb7 Ra1+ 37. Kg2 Qd4 38. Qf7 Qe4+ 0-1


[Site "https://www.chess.com"]

[Event "Titled Tuesday Blitz January 17 Late 2023"]
[White "Iliaguev, Nisim"]
[Black "Tokhirjonova, Gulrukhbegim"]
[WhiteFideId "2817276"]
[BlackFideId "14203626"]
[WhiteElo "2402"]
[BlackElo "2340"]
[Result "1-0"]
[Round "06"]
[TimeControl "180+2"]
[Date "2023.01.17"]
[WhiteClock "0:00:15"]
[BlackClock "0:00:16"]

1. d4 Nf6 2. Nf3 g6 3. g3 Bg7 4. Bg2 d5 5. O-O O-O 6. c4 dxc4 7. Ne5 a5 8. Nxc4 a4 9. a3 Nc6 10. e3 Be6 11. Qc2 Bd5 12. Nbd2 Bxg2 13. Kxg2 Qd5+ 14. Kg1 e5 15. Nxe5 Nxe5 16. dxe5 Qxe5 17. Nc4 Qe7 18. Bd2 Rfd8 19. Bc3 Qe4 20. Qxe4 Nxe4 21. Bxg7 Kxg7 22. Rac1 Nc5 23. Kg2 Nd3 24. Rc2 Ra6 25. Nd2 c6 26. Nf3 Rb6 27. Rb1 c5 28. h4 Rb3 29. g4 h6 30. Kg3 Kf6 31. Rd1 Ke7 32. Rdd2 b5 33. g5 h5 34. Ng1 b4 35. axb4 cxb4 36. Rc7+ Rd7 37. Rxd7+ Kxd7 38. Nf3 Ke7 39. Nd4 Rxb2 40. Rxd3 a3 41. Nc6+ Ke6 42. Rd8 a2 43. Ra8 b3 44. Nd4+ Ke5 45. Ra5+ Ke4 46. Nxb3 Rxb3 47. Rxa2 Ke5 48. Ra6 Rb7 49. Rf6 Rc7 50. Kf3 Ra7 51. Rb6 Kf5 52. Kg3 Ke5 53. f3 Ra3 54. Rf6 Ra7 55. e4 Rb7 56. Ra6 Rc7 57. Ra4 Rb7 58. f4+ Ke6 59. Ra6+ Ke7 60. f5 gxf5 61. exf5 Rb4 62. Rh6 Rb3+ 63. Kf2 Rb2+ 64. Ke3 Rb3+ 65. Kd2 Rb2+ 66. Kc3 Rf2 67. f6+ Ke6 68. Rxh5 Rf4 69. Kd3 Kf5 70. Rh7 Ke6 71. Ke3 Rg4 72. Kf3 Rg1 73. Kf2 Rg4 74. Kf3 Rg1 75. Rh8 Kf5 76. Rg8 Rh1 77. Kg3 Rg1+ 78. Kh2 Rg4 79. Kh3 Rg1 80. Rg7 Ke6 81. Rh7 Rh1+ 82. Kg4 Rg1+ 83. Kh5 Rh1 84. Rh8 Kf5 85. Rf8 Ke6 86. Re8+ Kf5 87. Re7 Kf4 88. Rxf7 Kg3 89. Rg7 Rxh4+ 90. Kg6 Rg4 91. f7 Rf4 92. Rg8 Kg4 93. f8=Q Rxf8 94. Rxf8 1-0


[Site "https://www.chess.com"]

[Event "Titled Tuesday Blitz January 17 Late 2023"]
[White "Naroditsky, Daniel"]
[Black "Defend, Balint"]
[WhiteFideId "2026961"]
[BlackFideId "17004853"]
[WhiteElo "2618"]
[BlackElo "1673"]
[Result "1-0"]
[Round "06"]
[TimeControl "180+2"]
[Date "2023.01.17"]
[WhiteClock "0:01:35"]
[BlackClock "0:00:33"]

1. e4 c5 2. Nf3 d6 3. Bb5+ Nd7 4. O-O a6 5. Bd3 g6 6. c3 Bg7 7. Bc2 e5 8. d4 cxd4 9. cxd4 exd4 10. Nxd4 Ngf6 11. Nc3 O-O 12. Bf4 Ne5 13. h3 b5 14. Re1 Bb7 15. a3 Rc8 16. Bb3 Qe7 17. Bg5 h6 18. Bh4 g5 19. Nf5 Qd7 20. Bg3 Rfd8 21. f4 Nxe4 22. Nxg7 Nxg3 23. fxe5 Kxg7 24. e6 Qe7 25. Qg4 f5 26. Qxg3 f4 27. Qd3 d5 28. Qd4+ Qf6 29. Rad1 Re8 30. Bxd5 Bxd5 31. Qxf6+ Kxf6 32. Nxd5+ Kg6 33. e7 Rc6 34. Re5 Kf7 35. Rde1 Rc5 36. Rf5+ Kg6 37. Rf8 1-0


[Site "https://www.chess.com"]

[Event "Titled Tuesday Blitz January 17 Late 2023"]
[White "Bilan, Danila"]
[Black "Pichot, Alan"]
[WhiteFideId "24161918"]
[BlackFideId "110973"]
[WhiteElo "2303"]
[BlackElo "2638"]
[Result "1-0"]
[Round "06"]
[TimeControl "180+2"]
[Date "2023.01.17"]
[WhiteClock "0:00:13"]
[BlackClock "0:00:08"]

1. d4 Nf6 2. Nf3 g6 3. Bg5 Bg7 4. c3 O-O 5. Nbd2 d6 6. e4 c5 7. dxc5 dxc5 8. Qc2 Nc6 9. Be2 Qc7 10. O-O h6 11. Bh4 Nh5 12. a4 b6 13. Rfe1 Bb7 14. Bg3 Nxg3 15. hxg3 Rad8 16. Nc4 Bc8 17. Ne3 e6 18. Rad1 Bb7 19. Rxd8 Rxd8 20. Rd1 Nb8 21. Rxd8+ Qxd8 22. Nd2 Nd7 23. f4 h5 24. Qd3 Qc7 25. e5 Bh6 26. Bf3 Bc6 27. Bxc6 Qxc6 28. Qe4 Qxe4 29. Nxe4 Nxe5 30. Nd6 Nd3 31. Nec4 h4 32. Nc8 hxg3 33. Nxa7 Bxf4 34. Nxb6 Nxb2 35. a5 c4 36. Nac8 Kg7 37. a6 Bb8 38. Nd7 Bf4 39. Ncb6 Bg5 40. a7 1-0


[Site "https://www.chess.com"]

[Event "Titled Tuesday Blitz January 17 Late 2023"]
[White "Moroni, Luca Jr"]
[Black "Al-Tarboush, Ward"]
[WhiteFideId "865834"]
[BlackFideId "7601450"]
[WhiteElo "2535"]
[BlackElo "2256"]
[Result "0-1"]
[Round "06"]
[TimeControl "180+2"]
[Date "2023.01.17"]
[WhiteClock "0:00:03"]
[BlackClock "0:01:52"]

1. d4 Nf6 2. c4 g6 3. Nc3 d5 4. cxd5 Nxd5 5. e4 Nxc3 6. bxc3 Bg7 7. Bb5+ c6 8. Ba4 O-O 9. Ne2 b5 10. Bb3 a5 11. a4 b4 12. cxb4 axb4 13. O-O c5 14. Bb2 Nc6 15. Bd5 Ra6 16. Rc1 Nxd4 17. Nxd4 cxd4 18. Qb3 e6 19. Bc4 Rb6 20. a5 Rb8 21. a6 Qb6 22. Ra1 Ra8 23. Ra4 Bxa6 24. Rxb4 Qc5 25. Rc1 Bxc4 26. Rbxc4 Qd6 27. Qd3 e5 28. h3 h5 29. Rc6 Qd7 30. Qc4 Qb7 31. Ba1 Qa7 32. Rxg6 Qa2 33. Rc6 Qxc4 34. R6xc4 Rfd8 35. Rd1 Ra2 36. Rb4 Rc8 37. Rb2 Ra3 38. Rbd2 Bh6 39. Re2 d3 40. Ree1 d2 41. Rf1 Rc1 42. Bxe5 Rb3 43. f4 Rbb1 44. Rxd2 Rxf1+ 45. Kh2 Bxf4+ 46. Bxf4 Rxf4 47. Kg3 Rbf1 0-1


[Site "https://www.chess.com"]

[Event "Titled Tuesday Blitz January 17 Late 2023"]
[White "Bikuzhin, Maksim"]
[Black "Tomb, Maroun"]
[WhiteFideId "24128015"]
[BlackFideId "5300398"]
[WhiteElo "2279"]
[BlackElo "2090"]
[Result "1/2-1/2"]
[Round "06"]
[TimeControl "180+2"]
[Date "2023.01.17"]
[WhiteClock "0:00:24"]
[BlackClock "0:00:30"]

1. e4 d6 2. d4 Nf6 3. Nc3 e5 4. Nf3 Nbd7 5. g4 Nxg4 6. Rg1 Ngf6 7. Bc4 h6 8. Be3 c6 9. a4 Qc7 10. Qd3 g6 11. dxe5 Nxe5 12. Nxe5 dxe5 13. O-O-O Bg4 14. Rd2 Bb4 15. Bb3 Bxc3 16. Qxc3 Nxe4 17. Bxf7+ Kxf7 18. Qc4+ Be6 19. Qxe4 Bf5 20. Qh4 Qe7 21. Qc4+ Kg7 22. f4 Rhd8 23. fxe5 Rxd2 24. Bxd2 Rd8 25. Qf4 Qc5 26. Qxh6+ Kf7 27. e6+ Kxe6 28. Re1+ Kd7 29. Bc3 Kc8 30. Qf4 Qd5 31. b3 b6 32. Kb2 a5 33. Qf2 Kb7 34. Re7+ Rd7 35. Re8 Rd8 36. Re7+ Rd7 37. Re8 Rd8 38. Re7+ 1/2-1/2


[Site "https://www.chess.com"]

[Event "Titled Tuesday Blitz January 17 Late 2023"]
[White "Golubev, Mikhail"]
[Black "Kaasen, Tor Fredrik"]
[WhiteFideId "14100983"]
[BlackFideId "1516647"]
[WhiteElo "2461"]
[BlackElo "2480"]
[Result "0-1"]
[Round "06"]
[TimeControl "180+2"]
[Date "2023.01.17"]
[WhiteClock "0:00:01"]
[BlackClock "0:00:02"]

1. e4 c5 2. Nf3 d6 3. d4 cxd4 4. Nxd4 Nf6 5. Nc3 a6 6. Bc4 e6 7. O-O Be7 8. Bb3 O-O 9. f4 b5 10. e5 dxe5 11. fxe5 Bc5 12. Be3 Nfd7 13. Ne4 Qb6 14. Nxc5 Nxc5 15. Nxe6 Bxe6 16. Bxe6 Qxe6 17. Bxc5 Re8 18. Bd6 Nd7 19. Re1 Rac8 20. a4 Nb6 21. axb5 axb5 22. b3 Qg6 23. Re2 h5 24. Qd4 Nd7 25. c4 bxc4 26. bxc4 Nf8 27. Qe4 Qg5 28. Rf1 Ne6 29. Qb7 Qg6 30. Re3 Rcd8 31. Rg3 Ng5 32. c5 Qe4 33. Qxe4 Nxe4 34. Re3 Ng5 0-1


[Site "https://www.chess.com"]

[Event "Titled Tuesday Blitz January 17 Late 2023"]
[White "Souleidis, Georgios"]
[Black "Kobalia, Mikhail"]
[WhiteFideId "4206827"]
[BlackFideId "4119150"]
[WhiteElo "2419"]
[BlackElo "2578"]
[Result "1/2-1/2"]
[Round "06"]
[TimeControl "180+2"]
[Date "2023.01.17"]
[WhiteClock "0:00:08"]
[BlackClock "0:00:20"]

1. e4 c5 2. Nf3 e6 3. g3 Nc6 4. Bg2 Nf6 5. Qe2 Be7 6. O-O O-O 7. c3 e5 8. Na3 d6 9. d3 Re8 10. Bg5 Nd7 11. Be3 Nf8 12. h3 f5 13. Nd2 Ng6 14. exf5 Bxf5 15. Ne4 Qd7 16. Kh2 Rac8 17. Nc2 b6 18. c4 Nf8 19. Nc3 Ne6 20. Nd5 Bf8 21. Qd2 Bg6 22. Rae1 Rb8 23. f4 exf4 24. Nxf4 Nxf4 25. Bxf4 Rbd8 26. b3 Ne5 27. Bd5+ Kh8 28. Bxe5 dxe5 29. Ne3 Be7 30. Qe2 Rf8 31. Rxf8+ Rxf8 32. Rd1 Bg5 33. Ng4 Bh5 34. Kg2 Qe7 35. Bf3 Bxg4 36. Bxg4 g6 37. Bf3 h5 38. Be4 Kg7 39. h4 Bh6 40. Rf1 Rf6 41. Rxf6 Qxf6 42. Qf3 Bd2 43. Qxf6+ Kxf6 44. Kf3 Be1 45. Kg2 a5 46. Kf3 g5 47. hxg5+ Kxg5 48. a4 Bc3 49. Bd5 Be1 50. Be4 Kf6 51. Bc6 Kg5 52. Be8 Kh6 53. Bf7 Kg5 54. Be8 Kh6 55. Bf7 Kg5 56. Be8 1/2-1/2


[Site "https://www.chess.com"]

[Event "Titled Tuesday Blitz January 17 Late 2023"]
[White "Ivanisevic, Ivan"]
[Black "Arenas, David"]
[WhiteFideId "912417"]
[BlackFideId "4403177"]
[WhiteElo "2532"]
[BlackElo "2426"]
[Result "0-1"]
[Round "06"]
[TimeControl "180+2"]
[Date "2023.01.17"]
[WhiteClock "0:00:06"]
[BlackClock "0:00:35"]

1. d4 Nf6 2. c4 e6 3. Bf4 d5 4. cxd5 exd5 5. e3 c6 6. Nc3 Bd6 7. Qf3 O-O 8. Bd3 Bxf4 9. Qxf4 Nbd7 10. h3 Re8 11. g4 Nf8 12. Nf3 Ne6 13. Qg3 Qc7 14. Qxc7 Nxc7 15. Ne5 Nd7 16. f4 f6 17. Nxd7 Bxd7 18. Kd2 Re7 19. Rhg1 Ne8 20. f5 Nd6 21. Raf1 Rae8 22. Rf3 Kh8 23. b3 Bc8 24. h4 Rf8 25. Rf4 b5 26. Rg3 a5 27. Rgf3 Rfe8 28. g5 Rf8 29. Ne2 Ref7 30. Ng3 Re7 31. gxf6 gxf6 32. Nh5 Bd7 33. Rg4 Be8 34. Nf4 Bf7 35. Rfg3 Rg8 36. h5 Rxg4 37. Rxg4 Re8 38. h6 Rg8 39. Rxg8+ Kxg8 40. Ne6 Bxe6 41. fxe6 f5 42. Ke2 Kf8 43. Kf3 Ke7 44. Kf4 Kxe6 45. Kg5 Nf7+ 46. Kh5 Kf6 47. Bc2 Nd6 48. Bd3 Ne8 49. a4 b4 50. Ba6 Nd6 51. Bd3 Ne4 52. Ba6 Nd2 53. Bb7 Nxb3 54. Bxc6 Nd2 55. Bxd5 b3 0-1


[Site "https://www.chess.com"]

[Event "Titled Tuesday Blitz January 17 Late 2023"]
[White "Fernandez Guillen, Ernesto J."]
[Black "Martinez Reyes, Pedro Ramon"]
[WhiteFideId "3512428"]
[BlackFideId "3901807"]
[WhiteElo "2477"]
[BlackElo "2376"]
[Result "1-0"]
[Round "06"]
[TimeControl "180+2"]
[Date "2023.01.17"]
[WhiteClock "0:01:53"]
[BlackClock "0:01:41"]

1. e4 e6 2. Nf3 d5 3. Nc3 Nf6 4. e5 Ne4 5. d4 c5 6. Bd3 Nxc3 7. bxc3 c4 8. Be2 Qa5 9. Bd2 Ba3 10. Rb1 Nc6 11. O-O Bd7 12. Ng5 h6 13. Nh3 b5 14. f4 g6 15. g4 a6 16. f5 gxf5 17. gxf5 O-O-O 18. fxe6 fxe6 19. Bh5 Rdf8 20. Nf4 Rhg8+ 21. Kh1 Qd8 22. Ng6 Rxf1+ 23. Qxf1 Be8 24. Qh3 Qd7 25. Rg1 Bxg6 26. Rxg6 Rxg6 27. Bxg6 b4 28. Qxh6 bxc3 29. Bxc3 Bb4 30. Bxb4 Nxb4 31. Qf8+ 1-0


[Site "https://www.chess.com"]

[Event "Titled Tuesday Blitz January 17 Late 2023"]
[White "Strahov, Andrej"]
[Black "Tanenbaum, Zachary"]
[WhiteFideId "4165489"]
[BlackFideId "2060850"]
[WhiteElo "2398"]
[BlackElo "2261"]
[Result "0-1"]
[Round "06"]
[TimeControl "180+2"]
[Date "2023.01.17"]
[WhiteClock "0:00:05"]
[BlackClock "0:00:19"]

1. e4 e5 2. Nf3 Nc6 3. d4 exd4 4. Nxd4 Bc5 5. Nb3 Bb6 6. Nc3 Nf6 7. Qe2 O-O 8. Be3 Re8 9. f3 d5 10. O-O-O d4 11. Bg5 Be6 12. Nb5 a6 13. Na3 h6 14. Bh4 Ne5 15. h3 c5 16. f4 Ng6 17. Bg3 Bxb3 18. axb3 Nxe4 19. Qf3 Nxg3 20. Qxg3 Bc7 21. Kb1 Nxf4 22. Nc4 b5 23. Nd2 Nd5 24. Qf2 Ne3 25. Bd3 Nxd1 26. Rxd1 Qd5 27. Rf1 Re7 28. Ne4 c4 29. Qf3 Rd8 30. Qg4 Re6 31. Rf5 Qc6 32. Rxf7 Kxf7 33. Qf5+ Ke7 34. bxc4 bxc4 35. Qh7 Be5 0-1


[Site "https://www.chess.com"]

[Event "Titled Tuesday Blitz January 17 Late 2023"]
[White "Injac, Teodora"]
[Black "Winterberg, Lukas"]
[WhiteFideId "932400"]
[BlackFideId "24622702"]
[WhiteElo "2391"]
[BlackElo "2402"]
[Result "1/2-1/2"]
[Round "06"]
[TimeControl "180+2"]
[Date "2023.01.17"]
[WhiteClock "0:00:07"]
[BlackClock "0:00:07"]

1. Nf3 Nf6 2. c4 e6 3. Nc3 d5 4. e3 c5 5. d4 Nc6 6. a3 cxd4 7. exd4 Ne4 8. Bd3 Nxc3 9. bxc3 dxc4 10. Bxc4 Bd6 11. O-O h6 12. Bd3 O-O 13. Bc2 e5 14. Qd3 f5 15. dxe5 Bxe5 16. Qc4+ Kh8 17. Nxe5 Nxe5 18. Qe2 Qf6 19. Be3 Nc6 20. Bc5 Rd8 21. Rad1 Be6 22. Ba4 Na5 23. Bd4 Qg6 24. Rfe1 Bd5 25. f3 Nc6 26. Bxc6 Bxc6 27. Qf2 b6 28. Re7 Rg8 29. Rde1 Rae8 30. R1e6 Qxe6 31. Rxe6 Rxe6 32. Qd2 Kh7 33. h4 Rge8 34. Qf4 Rf8 35. h5 Be8 36. Qc7 Rf7 37. Qc8 Bd7 38. Qd8 f4 39. Kh2 Be8 40. Kh3 Rd7 41. Qb8 Bxh5 42. Qxf4 Bf7 43. Qf5+ Kg8 44. Qf4 Rg6 45. Qb8+ Kh7 46. g4 h5 47. gxh5 Rg1 48. Kh2 Rg5 49. Qf4 Rxh5+ 50. Kg2 Bg6 51. Qf8 Rf7 52. Qd8 Rhf5 53. Qh4+ Bh5 54. f4 Kg8 55. Be5 Bg6 56. Qd8+ Kh7 57. Qh4+ Rh5 58. Qd8 Bf5 59. Qb8 Rh6 60. Kg3 Rg6+ 61. Kf2 Be6 62. Ke3 Bg4 63. Qd8 Bf5 64. Qh4+ Rh6 65. Qd8 Rh3+ 66. Kf2 Rh6 67. Qb8 a5 68. Qd8 Rh2+ 69. Kg3 Rh6 70. Kf2 Rg6 71. Qh4+ Rh6 72. Qd8 1/2-1/2


[Site "https://www.chess.com"]

[Event "Titled Tuesday Blitz January 17 Late 2023"]
[White "Kovanova, Baira"]
[Black "Skvortsov, Andrei"]
[WhiteFideId "4164083"]
[BlackFideId "24108600"]
[WhiteElo "2304"]
[BlackElo "2313"]
[Result "0-1"]
[Round "06"]
[TimeControl "180+2"]
[Date "2023.01.17"]
[WhiteClock "0:01:34"]
[BlackClock "0:01:05"]

1. e4 c5 2. Nf3 d6 3. d4 Nf6 4. Nc3 cxd4 5. Nxd4 g6 6. Be3 Bg7 7. f3 O-O 8. Qd2 d5 9. exd5 Nxd5 10. Nxd5 Qxd5 11. c3 Nc6 12. Nb3 Qe6 13. Nc5 Qe5 14. Nd3 Qa5 15. Be2 Rd8 16. O-O Ne5 17. Rfd1 Nc4 18. Qc1 Nxe3 19. Qxe3 Bf5 20. Nb4 Be5 21. Nd5 Rxd5 22. b4 Rxd1+ 23. Rxd1 Qb6 24. Qxb6 axb6 0-1


[Site "https://www.chess.com"]

[Event "Titled Tuesday Blitz January 17 Late 2023"]
[White "Pasti, Aron"]
[Black "Ozer, Omer Faruk"]
[WhiteFideId "785857"]
[BlackFideId "6354564"]
[WhiteElo "2361"]
[BlackElo "2360"]
[Result "1-0"]
[Round "06"]
[TimeControl "180+2"]
[Date "2023.01.17"]
[WhiteClock "0:01:49"]
[BlackClock "0:01:59"]

1. e4 c5 2. Nf3 g6 3. c4 Bg7 4. d4 cxd4 5. Nxd4 Nc6 6. Be3 Nf6 7. Nc3 O-O 8. Be2 d6 9. O-O Bd7 10. Rc1 Nxd4 11. Bxd4 a5 12. f4 a4 13. e5 dxe5 14. fxe5 Ne8 15. Bf3 Bc6 16. Nd5 Bxd5 17. cxd5 Qa5 18. Rc5 Qd8 19. Qc2 e6 20. Rd1 exd5 21. Rxd5 Qg5 22. Bc5 Bxe5 23. Bxf8 Kxf8 24. Qc5+ 1-0


[Site "https://www.chess.com"]

[Event "Titled Tuesday Blitz January 17 Late 2023"]
[White "Leenhouts, Koen"]
[Black "Di Berardino, Diego Rafael"]
[WhiteFideId "1008439"]
[BlackFideId "2105446"]
[WhiteElo "2447"]
[BlackElo "2479"]
[Result "0-1"]
[Round "06"]
[TimeControl "180+2"]
[Date "2023.01.17"]
[WhiteClock "0:00:01"]
[BlackClock "0:00:05"]

1. d4 Nf6 2. c4 g6 3. Nc3 Bg7 4. e4 d6 5. f3 O-O 6. Bg5 c5 7. d5 e6 8. Qd2 exd5 9. cxd5 h6 10. Be3 a6 11. a4 Re8 12. Nge2 Nbd7 13. Nf4 Ne5 14. Bd3 Rb8 15. O-O Nxd3 16. Nxd3 Kh7 17. a5 b5 18. axb6 Rxb6 19. Kh1 Nd7 20. Rab1 Ne5 21. Nxe5 Bxe5 22. Bf4 Bg7 23. Nd1 f5 24. Nf2 fxe4 25. fxe4 Bd7 26. b4 Qb8 27. Nd3 Rxe4 28. Bxh6 Bxh6 29. Rf7+ Bg7 30. Rxd7 Rb7 31. Rxb7 Qxb7 32. h3 Qxd5 33. bxc5 dxc5 34. Qc2 Re3 35. Nf2 c4 36. Rd1 Qe6 37. Ng4 Re1+ 38. Rxe1 Qxe1+ 39. Kh2 Be5+ 40. Nxe5 Qxe5+ 41. Kh1 c3 42. Qd3 Qe1+ 43. Kh2 Qd2 44. Qf3 Qd6+ 45. Kh1 c2 46. Qf7+ Kh6 47. Qf1 Qd1 0-1


[Site "https://www.chess.com"]

[Event "Titled Tuesday Blitz January 17 Late 2023"]
[White "Haydon, David L"]
[Black "Vovk, Orest"]
[WhiteFideId "415405"]
[BlackFideId "14113490"]
[WhiteElo "2253"]
[BlackElo "2315"]
[Result "0-1"]
[Round "06"]
[TimeControl "180+2"]
[Date "2023.01.17"]
[WhiteClock "0:01:52"]
[BlackClock "0:01:54"]

1. e4 g5 2. Nc3 Bg7 3. d4 c5 4. d5 Bxc3+ 5. bxc3 h6 6. h4 Qa5 7. hxg5 hxg5 8. Rxh8 Qxc3+ 9. Bd2 Qxh8 10. Rb1 Qd4 11. f3 Qxg1 12. c3 g4 13. fxg4 Nf6 14. Qf3 d6 15. g5 Ng4 16. Bf4 Nh2 17. Qf2 Qxf1+ 18. Qxf1 Nxf1 19. Kxf1 Nd7 20. Kf2 Nf8 21. Ke3 Ng6 22. Bg3 b6 23. a4 Bd7 24. a5 bxa5 25. e5 Nxe5 26. Bxe5 dxe5 27. Rh1 O-O-O 28. Ke4 f6 29. Rh6 fxg5 30. Kxe5 a4 31. Ra6 Kb7 0-1


[Site "https://www.chess.com"]

[Event "Titled Tuesday Blitz January 17 Late 2023"]
[White "Rostomyan, Mikayel"]
[Black "Reprintsev, Alexander"]
[WhiteFideId "13313754"]
[BlackFideId "14100541"]
[WhiteElo "2222"]
[BlackElo "2253"]
[Result "0-1"]
[Round "06"]
[TimeControl "180+2"]
[Date "2023.01.17"]
[WhiteClock "0:00:04"]
[BlackClock "0:00:17"]

1. e4 d5 2. exd5 Qxd5 3. d4 Nc6 4. Be3 e5 5. Nc3 Bb4 6. dxe5 Bxc3+ 7. bxc3 Qxe5 8. Qd2 Bf5 9. Nf3 Qe7 10. Nd4 Be4 11. f3 Nxd4 12. cxd4 Bxc2 13. Bc4 Bg6 14. O-O Nf6 15. Rfe1 O-O 16. Bg5 Qd6 17. Bf4 Qd7 18. Be5 c6 19. Bxf6 gxf6 20. Rad1 Rad8 21. d5 Rfe8 22. Rxe8+ Qxe8 23. h4 h5 24. d6 Qe5 25. Bb3 Rd7 26. Qh6 Bh7 27. Qd2 Kg7 28. Qb4 a5 29. Qc4 Bf5 30. a4 Be6 31. Qd3 Bxb3 32. Qxb3 Rxd6 33. Rxd6 Qxd6 34. Qxb7 Qd4+ 35. Kf1 Qxa4 36. Qd7 Qb5+ 37. Kg1 a4 38. Qd6 Qd5 39. Qb4 c5 40. Qxa4 Qd4+ 41. Qxd4 cxd4 42. Kf2 f5 43. Ke2 Kf6 44. Kd3 Ke5 45. g3 Kd5 46. Kd2 Kc4 47. Kc2 d3+ 48. Kd2 Kd4 49. g4 fxg4 50. fxg4 hxg4 51. h5 g3 52. h6 g2 53. h7 g1=Q 54. h8=Q+ Kd5 55. Qd8+ Ke6 56. Qe8+ Kf6 57. Kxd3 Qd1+ 58. Kc3 Qc1+ 59. Kd3 Qd1+ 60. Kc3 Qd5 61. Qh8+ Kg6 62. Qg8+ Kf5 63. Qh7+ Kg4 64. Qg7+ Kf3 65. Qf6+ Kg3 66. Qg7+ Kf2 67. Qf6+ Qf3+ 68. Qxf3+ Kxf3 69. Kd4 f5 70. Ke5 f4 0-1


[Site "https://www.chess.com"]

[Event "Titled Tuesday Blitz January 17 Late 2023"]
[White "Djokic, Mihailo"]
[Black "Rojas Salas, Steven"]
[WhiteFideId "976440"]
[BlackFideId "3819434"]
[WhiteElo "2192"]
[BlackElo "2217"]
[Result "0-1"]
[Round "06"]
[TimeControl "180+2"]
[Date "2023.01.17"]
[WhiteClock "0:00:02"]
[BlackClock "0:00:23"]

1. e4 e6 2. d4 d5 3. Nc3 dxe4 4. Nxe4 Be7 5. Nf3 Nf6 6. Nxf6+ gxf6 7. Bd3 b6 8. Be4 c6 9. O-O Qc7 10. c4 Bb7 11. Re1 f5 12. Bd3 Nd7 13. Qe2 O-O-O 14. Bd2 Bf6 15. Rac1 c5 16. d5 Rhe8 17. Bg5 Qd6 18. Bxf6 Nxf6 19. Ne5 exd5 20. cxd5 Qxd5 21. Bxf5+ Kb8 22. Bh3 Ne4 23. Nc4 Nd6 24. Ne3 Qxa2 25. Rcd1 Qa4 26. Qh5 Qe4 27. Qh6 Qg6 28. Qf4 Re4 29. Qg3 Qxg3 30. hxg3 Kc7 31. Rd2 Nb5 32. Rxd8 Kxd8 33. Rd1+ Ke7 34. Nf5+ Kf6 35. Rd7 Bc8 36. Rd5 Be6 37. Nd6 Re1+ 38. Kh2 Bxd5 39. Nxb5 Re2 40. Nc3 Rd2 41. Bg4 Be6 42. Ne4+ Ke5 43. Nxd2 Bxg4 44. Nc4+ Kd4 45. Ne3 Be6 46. g4 b5 47. Kg3 a5 48. Kf4 b4 49. g5 a4 50. Kf3 Kd3 51. Kf4 a3 52. bxa3 bxa3 53. Ke5 a2 54. Kf4 a1=Q 55. g4 Qa4+ 56. Kg3 Qe4 0-1


[Site "https://www.chess.com"]

[Event "Titled Tuesday Blitz January 17 Late 2023"]
[White "Flores Quillas, Diego Saul Rodri"]
[Black "Lopez Gracia, Fernando"]
[WhiteFideId "3822508"]
[BlackFideId "2207184"]
[WhiteElo "2359"]
[BlackElo "2255"]
[Result "1-0"]
[Round "06"]
[TimeControl "180+2"]
[Date "2023.01.17"]
[WhiteClock "0:00:58"]
[BlackClock "0:01:43"]

1. e4 e5 2. Nf3 Nc6 3. Bb5 a6 4. Ba4 Nf6 5. O-O Bc5 6. Re1 b5 7. Bb3 Ng4 8. Re2 Nd4 9. Nxd4 Bxd4 10. c3 Qh4 11. h3 Bxf2+ 12. Rxf2 Qxf2+ 13. Kh1 Qh4 14. Qxg4 Qe1+ 15. Kh2 Qxc1 16. Qxg7 Rf8 17. a4 Qxb2 18. Qxe5+ Kd8 19. Qf6+ Ke8 20. Qe5+ Kd8 21. Qg5+ f6 22. Qg7 Ke8 23. Bd1 c6 24. Bh5+ Kd8 25. Qxf8+ Kc7 26. Qa3 1-0


[Site "https://www.chess.com"]

[Event "Titled Tuesday Blitz January 17 Late 2023"]
[White "Liang, Justin"]
[Black "Donskov, Anatoly"]
[WhiteFideId "2099942"]
[BlackFideId "24143413"]
[WhiteElo "2052"]
[BlackElo "2279"]
[Result "1-0"]
[Round "06"]
[TimeControl "180+2"]
[Date "2023.01.17"]
[WhiteClock "0:00:06"]
[BlackClock "0:00:02"]

1. d4 d5 2. c4 dxc4 3. Nf3 Nf6 4. e3 e6 5. Bxc4 c5 6. O-O a6 7. Qc2 b5 8. Be2 Nbd7 9. a4 Bb7 10. Nbd2 Qb6 11. axb5 axb5 12. Rxa8+ Bxa8 13. Qb3 c4 14. Qc2 Bb4 15. Rd1 O-O 16. e4 e5 17. Nxe5 Nxe5 18. dxe5 Nd7 19. Nf3 Qe6 20. Bf4 Re8 21. Nd4 Qb6 22. Be3 Bc5 23. Nf5 Nxe5 24. Bxc5 Qxc5 25. Qd2 g6 26. Ng3 Kg7 27. h3 Bc6 28. Rc1 Nd7 29. Qc3+ Nf6 30. b3 Qe5 31. bxc4 Qxc3 32. Rxc3 bxc4 33. Bxc4 Nxe4 34. Nxe4 Bxe4 35. f3 Bf5 36. Kf2 Be6 37. Be2 Re7 38. h4 h5 39. Rc5 Bf5 40. Bc4 Be6 41. Bd3 Kf6 42. Be4 Bd7 43. Ra5 Be6 44. Ra6 Kg7 45. Ra5 Bc4 46. Rc5 1-0


[Site "https://www.chess.com"]